 Dungeon Sprint DCSS version 0.19-a0-1827-g174f941 (webtiles) character file.

620 poirepourri the Cleaver (level 7, 39/78 HPs)
             Began as a Deep Dwarf Fighter on Oct 7, 2016.
             Was an Initiate of Makhleb.
             Quit the game in the Dungeon (Sprint I: "Red Sonja").
             The game lasted 00:01:44 (268 turns).

poirepourri the Cleaver (Deep Dwarf Fighter)         Turns: 268, Time: 00:01:44

Health: 39/78      AC:  6    Str: 24    XL:     7   Next: 22%
Magic:  7/7        EV:  6    Int:  9    God:    Makhleb [......]
Gold:   68         SH:  8    Dex: 13    Spells: 0 memorised, 6 levels left

rFire  . . .     SeeInvis .     a - +0 war axe
rCold  . . .     Gourm    .     b - +0 scale mail
rNeg   . . .     Faith    .     c - +0 shield
rPois  .         Spirit   .     (no helmet)
rElec  .         Dismiss  .     (no cloak)
rCorr  .         Reflect  .     (no gloves)
MR     +....     Harm     .     (no boots)
Stlth  .......... NoTele   +    (no amulet)
                                (no ring)
                                n - +4 ring of strength

@: mildly poisoned (39 -> 39), non-regenerating, slowed, very heavily drained,
very slow
A: damage resistance, recharge devices, sense surroundings 1, slow regeneration
3
a: Device Recharging, Renounce Religion


You were in the Dungeon.
You worshipped Makhleb.
Makhleb was noncommittal.
You were not hungry.

You visited 1 branch You collected 419 gold pieces.
You spent 351 gold pieces at shops.

Inventory:

Hand Weapons
 a - a +0 war axe (weapon)
Armour
 b - a +0 scale mail (worn)
 c - a +0 shield (worn)
Jewellery
 n - a +4 ring of strength (left hand)
Wands
 e - a wand of heal wounds (0/9)
Scrolls
 l - a scroll of blinking
Potions
 d - a potion of might
 g - a potion of curing
 h - a potion of heal wounds
 i - a potion of haste
 j - 2 potions of magic
 k - a potion of berserk rage
 m - a potion of ambrosia {unknown}
Comestibles
 f - a bread ration


   Skills:
 + Level 9.7(0.0) Fighting
 + Level 12.1(0.0) Axes
 - Level 3.2(0.0) Armour
 + Level 3.7(0.0) Dodging
 - Level 3.2(0.0) Shields
 + Level 2.6(0.0) Evocations


You had 6 spell levels left.
You didn't know any spells.

Dungeon Overview and Level Annotations

Branches:
Dungeon (1/1)

Altars:
Cheibriados
Dithmenos
Elyvilon
Fedhas
Gozag
Hepliaklqana
Kikubaaqudgha
Makhleb
Nemelex Xobeh
Okawaru
Qazlal
Ru
Sif Muna
Trog
Uskayaw
Vehumet
Xom
Yredelemnul
Zin
The Shining One
Jiyva
Lugonu

Shops:
D =

Annotations:
D Sonja


Innate Abilities, Weirdness & Mutations

You are resistant to damage.
You can recharge devices by infusing magical energy.
You passively map a small area around you.
You do not regenerate.


Message History

You feel much better.
This wand has 0 charges left.
Sonja gestures wildly while chanting.
Sonja blinks!
Evoke which item? (* to show all) (? for menu, Esc to quit)
This wand has no charges.
Unknown command.
Sonja mumbles some strange words.
Sonja blinks!
Sonja hits you with an uncursed dagger of draining.
You feel drained. Sonja hits you but does no damage.
You feel drained. Sonja hits you but does no damage.
You feel drained.
Sonja hits you with an uncursed dagger of draining.
You feel drained.
Sonja hits you with an uncursed dagger of draining.
You feel drained.
Sonja hits you with an uncursed dagger of draining.
You feel drained.
There is an entrance to Hojuenos's Jewellery Emporium here.
Unknown command.
Are you sure you want to abandon this character and quit the game? (Confirm with "yes".)

######################
#<.#..').#..'..#__#..+
#..').#..').#..'^.'..#,
#..#####'#####'#__####
#..####..#...#[####,, *
#..#__####..##.#§§≈ ,
#..#_____##'#..+≈§§§
#⌠⌠#_§@...(((._#§≈§.c
####_..K_##_(#'##+# #
,,#_____###'#[#,,,
#########(### +* , , ,,
, +$.$+,, + * + **#$.$#
** * ##.## ,,, , ,
,#+#, , *, + *


You could see Sonja.

Vanquished Creatures
  A slime creature (D)
  Sigmund (D)
  A yak (D)
  An ogre (D)
  A jelly (D)
  Ijyb (D)
6 creatures vanquished.

Notes
Turn   | Place    | Note
-------+----------+-------------------------------------------
     0 | D        | poirepourri the Deep Dwarf Fighter began the quest for the Orb.
     0 | D        | Reached XP level 1. HP: 20/20 MP: 1/1
     2 | D        | Noticed Ijyb
    12 | D        | Killed Ijyb
    12 | D        | Reached skill level 4 in Axes
    12 | D        | Reached XP level 2. HP: 31/31 MP: 2/2
    17 | D        | Noticed an ogre
    27 | D        | Killed an ogre
    27 | D        | Reached skill level 7 in Axes
    27 | D        | Reached skill level 1 in Dodging
    27 | D        | Reached XP level 3. HP: 39/42 MP: 3/3
    27 | D        | Reached XP level 4. HP: 45/49 MP: 4/4
    73 | D        | Noticed Sigmund
    84 | D        | Killed Sigmund
    84 | D        | Reached skill level 9 in Axes
    84 | D        | Reached skill level 1 in Evocations
    84 | D        | Reached XP level 5. HP: 45/60 MP: 5/5
    84 | D        | Reached XP level 6. HP: 51/68 MP: 6/6
   100 | D        | Found a burning altar of Makhleb.
   100 | D        | Found a viscous altar of Jiyva.
   100 | D        | Found a shimmering altar of Xom.
   100 | D        | Found a corrupted altar of Lugonu.
   100 | D        | Noticed a slime creature
   115 | D        | Killed a slime creature
   115 | D        | Reached skill level 11 in Axes
   121 | D        | Found a deep blue altar of Sif Muna.
   123 | D        | Found a radiant altar of Vehumet.
   165 | D        | Found Hojuenos's Jewellery Emporium.
   165 | D        | Found an ancient bone altar of Kikubaaqudgha.
   165 | D        | Found a hazy altar of Hepliaklqana.
   165 | D        | Found a stormy altar of Qazlal.
   165 | D        | Found a hide-covered altar of Uskayaw.
   165 | D        | Found a blossoming altar of Fedhas.
   165 | D        | Found a bloodstained altar of Trog.
   165 | D        | Found an iron altar of Okawaru.
   165 | D        | Found a basalt altar of Yredelemnul.
   165 | D        | Found a glowing golden altar of the Shining One.
   165 | D        | Found a snail-covered altar of Cheibriados.
   165 | D        | Found a sacrificial altar of Ru.
   165 | D        | Found a glowing silver altar of Zin.
   165 | D        | Found a shadowy altar of Dithmenos.
   165 | D        | Found a white marble altar of Elyvilon.
   165 | D        | Noticed a yak
   180 | D        | Killed a yak
   180 | D        | Reached skill level 12 in Axes
   180 | D        | Reached XP level 7. HP: 57/78 MP: 6/8
   181 | D        | Found an opulent altar of Gozag.
   182 | D        | Found a sparkling altar of Nemelex Xobeh.
   198 | D        | Became a worshipper of Makhleb the Destroyer
   221 | D        | Noticed a centaur warrior
   235 | D        | Bought a +4 ring of strength for 351 gold pieces
   243 | D        | Noticed Sonja
   268 | D        | Quit the game

Vault maps used:
D:        dungeon_sprint_1

Skill      XL: |  1  2  3  4  5  6 |
---------------+-------------------+-----
Fighting       | 4 6 8 9 |  9.7
Axes           | 4 7 9 12 | 12.1
Dodging        | 1 2 3 |  3.7
Evocations     | 1 2 |  2.6
Armour         | |  3.2
Shields        | |  3.2

Action                   |  1- 3 |  4- 6 |  7- 9 || total
-------------------------+-------+-------+-------++-------
Melee: War axe           |    17 |    43 |     9 ||    69
 Abil: Device Recharging |       |     1 |     1 ||     2
Evoke: Wand              |     1 |     6 |     2 ||     9
Armor: Scale mail        |     3 |     4 |    23 ||    30
Dodge: Dodged            |     4 |     9 |    16 ||    29
Block: Shield            |     6 |    12 |    17 ||    35
